[Event "MCRE_PF19"]
[Site "?"]
[Date "2004.??.??"]
[Round "?"]
[White "Binas, Jindrich"]
[Black "Milos, Vladislav"]
[Result "0-1"]
[ECO "C57"]
[WhiteElo "2175"]
[BlackElo "2148"]
[PlyCount "42"]
[EventDate "2004.??.??"]
[EventType "corr"]
[EventRounds "2"]
[SourceDate "2005.03.12"]
[TimeControl "240+2"]

1. e4 e5 2. Nf3 Nc6 3. Bc4 Nf6 4. Ng5 d5 5. exd5 b5 6. Bf1 Nd4 7. c3 Nxd5 8.
Ne4 Ne6 9. Bxb5+ Bd7 10. Bxd7+ Qxd7 11. O-O c5 12. d3 Ndf4 13. Bxf4 Nxf4 14.
Qf3 Rb8 15. Re1 Nxd3 16. Rd1 Rd8 17. Na3 f5 18. Ng3 g6 19. Nc4 Bg7 20. Qe2 O-O
21. f3 Rfe8 0-1